AoeStats
← escamillaf

Black Forest

504774823Analyzed
2v2 RM · 25d ago on Sep 6, 2026· 71m 23s· 4 players
Game mode
Random Map
Map size
Medium (4 player)
Population
200
Speed
Normal
Resources
Standard
Victory
Conquest
Starting age
Dark Age
Ending age
Imperial Age
RankedLock teamsTeams togetherTeam positionsShared explorationLock speedFull tech treeHidden civsTurbo modeCheats
Victory
Defeat
🇪🇸 Celts · Spain
496
+12
🇦🇷 Sicilians · Argentina
481
+13
🇺🇸 Vikings · United States
426
-13
🇺🇸 Lithuanians · United States
392
-12
WookieWarrior
10:05 Loom
12:28 Feudal Age
14:01 Double-Bit Axe
14:22 Man-at-Arms
16:29 Wheelbarrow
16:24 Fletching
25:16 Castle Age
24:15 Horse Collar
28:19 Bodkin Arrow
30:42 Long Swordsman
34:45 Hand Cart
34:56 Town Watch
40:30 Imperial Age
38:03 Town Patrol
39:53 Ballistics
39:35 Guard Tower
40:20 Gold Mining
42:10 Bow Saw
42:58 Bracer
44:06 Tower Shields
45:19 Scale Mail Armor
45:31 Forging
45:27 Scale Barding Armor
45:25 Heavy Plow
46:25 Two-Handed Swordsman
47:06 Squires
47:25 Chain Mail Armor
47:45 Iron Casting
51:41 Chain Barding Armor
51:22 Padded Archer Armor
50:45 Champion
52:28 Chemistry
52:50 Hill Forts
53:30 Hoardings
52:52 Stone Mining
53:36 Elite Skirmisher
57:12 Arson
58:15 Thumb Ring
58:41 Arson
61:49 Leather Archer Armor
62:09 Plate Barding Armor
64:02 Two-Man Saw
63:36 Crop Rotation
63:44 Stone Shaft Mining
64:16 Ring Archer Armor
4Horsemen69
1:21 Loom
17:41 Feudal Age
18:56 Town Watch
18:55 Horse Collar
25:06 Double-Bit Axe
27:41 Gold Mining
27:42 Stone Mining
28:01 Man-at-Arms
28:28 Arson
30:50 Castle Age
29:55 Scale Barding Armor
29:51 Scale Mail Armor
29:52 Padded Archer Armor
29:43 Fletching
30:03 Forging
32:45 Bow Saw
32:39 Heavy Plow
33:31 Gold Shaft Mining
32:59 Town Patrol
35:19 Long Swordsman
35:45 Gambesons
42:16 Imperial Age
43:39 Conscription
42:41 Elite Berserk
45:25 Two-Handed Swordsman
45:26 Pikeman
46:07 Squires
51:17 Murder Holes
51:04 Treadmill Crane
51:45 Ballistics
51:16 Guard Tower
51:35 Capped Ram
51:38 Elite Skirmisher
53:04 Crop Rotation
53:05 Leather Archer Armor
61:31 Hoardings
60:27 Sappers
60:58 Chieftains
60:59 Bogsveigar
63:51 Siege Ram
64:47 Bogsveigar
69:38 Light Cavalry
69:39 Cavalier
Kowalsky
1:55 Loom
15:02 Feudal Age
15:24 Horse Collar
15:32 Double-Bit Axe
19:26 Fletching
19:39 Scale Mail Armor
22:21 Stone Mining
22:22 Gold Mining
27:08 Castle Age
26:34 Padded Archer Armor
29:05 Heavy Plow
29:04 Bodkin Arrow
31:04 Pikeman
34:41 Bow Saw
34:53 Leather Archer Armor
34:55 Chain Mail Armor
37:51 Gold Shaft Mining
38:07 Wheelbarrow
38:55 Caravan
43:04 Imperial Age
41:11 Hand Cart
40:32 Crossbowman
43:01 Elite Skirmisher
44:26 Conscription
43:57 Arbalester
45:49 Conscription
45:45 Elite Serjeant
47:13 Plate Mail Armor
46:43 Bracer
46:54 Forging
46:30 Halberdier
50:15 Arson
50:31 Squires
50:16 Gambesons
70:41 Crop Rotation
70:02 Town Watch
escamillaf
7:10 Loom
9:53 Feudal Age
11:28 Double-Bit Axe
13:07 Wheelbarrow
15:54 Town Watch
17:37 Gold Mining
19:58 Stone Mining
21:11 Forging
21:35 Man-at-Arms
24:58 Castle Age
23:10 Scale Mail Armor
23:16 Scale Barding Armor
23:12 Padded Archer Armor
25:14 Arson
25:19 Horse Collar
26:09 Crossbowman
26:13 Long Swordsman
27:13 Chain Mail Armor
27:18 Bow Saw
27:31 Caravan
29:23 Fletching
30:11 Heavy Plow
30:16 Pikeman
32:26 Stone Shaft Mining
31:56 Gambesons
36:24 Gold Shaft Mining
35:47 Elite Skirmisher
45:24 Stronghold
45:43 Light Cavalry
46:24 Husbandry
53:55 Imperial Age
51:41 Hand Cart
57:03 Elite Woad Raider
60:12 Two-Handed Swordsman
62:50 Bodkin Arrow
Connection lost

Rejoining the realm…

Still unreachable

The connection could not be restored.

Session expired

The server has moved on; the page needs a fresh start.